 Dungeon Sprint DCSS version 0.29-a0-468-ge57f7f99b4 (webtiles) character file.

Game seed: 5918189281732967001

22906 mhtbhm the Phalangite (level 13, -7/132 HPs)
             Began as a Merfolk Berserker on May 21, 2022.
             Was the Champion of Trog.
             Collided with a metal wall (25 damage)
             ... caused by Frederick
             ... in the Dungeon (Sprint III: "The Ten Rune Challenge").
             The game lasted 00:08:15 (5220 turns).

mhtbhm the Phalangite (Merfolk Berserker)           Turns: 5220, Time: 00:08:15

Health: -7/132     AC: 12    Str: 30    XL:     13   Next: 3%
Magic:  13/13      EV: 23    Int:  8    God:    Trog [******]
Gold:   697        SH:  0    Dex: 22    Spells: 12/12 levels left

rFire   . . .      SeeInvis +   a - +4 bardiche "Okekyr" {vorpal, rC+ Str+3 Dex+5}
rCold   + . .      Faith    +   (shield currently unavailable)
rNeg    . . .      Spirit   .   b - +2 ring mail "Jatirch" {rPois Regen+ Dex+4 Slay+6}
rPois   +          Reflect  .   q - +2 helmet {SInv}
rElec   +          Harm     .   (no cloak)
rCorr   +          Rampage  .   (no gloves)
Will    .....      NoTele   +   (no boots)
Stlth   ++++......              t - amulet of faith
HPRegen 1.12/turn               r - ring of the King {Wiz rElec rCorr Str+6}
MPRegen 0.13/turn               s - ring of flight

@: on berserk cooldown, flying, slowed, very slow
A: (nimble swimmer 2), mertail
a: Renounce Religion, Berserk, Trog's Hand, Brothers in Arms


You were in the Dungeon.
You worshipped Trog.
Trog was exalted by your worship.
You visited 1 branch You collected 3287 gold pieces.
You spent 2590 gold pieces at shops.

Inventory:

Hand Weapons
 a - the +4 bardiche "Okekyr" (weapon) {vorpal, rC+ Str+3 Dex+5}
   (You found it in the Dungeon)

   It inflicts extra damage upon your enemies.
   Str:       It affects your strength (+3).
   Dex:       It affects your dexterity (+5).
   rC:        It protects you from cold.
Missiles
 d - 7 silver javelins (quivered)
 p - 7 curare-tipped darts
Armour
 b - the +2 ring mail "Jatirch" (worn) {rPois Regen+ Dex+4 Slay+6}
   (You bought it in a shop in the Dungeon)

   Dex:       It affects your dexterity (+4).
   Slay:      It affects your accuracy & damage with ranged weapons and melee
   (+6).
   rPois:     It protects you from poison.
   Regen:     It increases your rate of health regeneration.
 q - a +2 helmet of see invisible (worn)
Jewellery
 r - the ring of the King (left hand) {Wiz rElec rCorr Str+6}
   (You bought it in a shop in the Dungeon)

   [ring of wizardry]

   It improves your spell success rate.
   Str:       It affects your strength (+6).
   rElec:     It insulates you from electricity.
   rCorr:     It protects you from acid and corrosion.
 s - a ring of flight (right hand)
 t - an amulet of faith (around neck)
Wands
 m - a wand of flame (33)
Scrolls
 h - a scroll of blinking
 i - 2 scrolls of immolation
 j - 2 scrolls of identify
 u - 2 scrolls of fog
Potions
 c - a potion of curing
 e - a potion of haste
 f - 2 potions of magic
 g - a potion of berserk rage
 k - 5 potions of flight
 l - 6 potions of mutation
 n - a potion of might
 v - a potion of ambrosia
Miscellaneous
 o - a phantom mirror (inert)


   Skills:
 + Level 21.8 Fighting
 + Level 24.5 Polearms
 + Level 9.3 Armour
 + Level 14.9 Dodging
 + Level 9.9 Stealth
 + Level 4.2 Evocations


You had 12 spell levels left.
You didn't know any spells.
Your spell library was empty.

Dungeon Overview and Level Annotations

Branches:
Dungeon (1/1)

Altars:
Cheibriados
Dithmenos
Elyvilon
Fedhas
Gozag
Hepliaklqana
Kikubaaqudgha
Makhleb
Nemelex Xobeh
Okawaru
Qazlal
Ru
Sif Muna
Trog
Uskayaw
Vehumet
Wu Jian
Xom
Yredelemnul
Zin
The Shining One
Beogh
Jiyva
Lugonu

Shops:
D (=([![:*=[?:

Annotations:
D Frederick


Innate Abilities, Weirdness & Mutations

((You are very nimble when in or above water. (Stealth+, EV+, Speed+++)))
Your lower body shifts to a powerful aquatic tail in water.


Message History

Frederick freezes your deep troll.
Your deep troll dies!
Your deep troll's corpse disappears in a puff of smoke!
Frederick hits the spellforged servitor from afar with a +1 trident of freezing!
Frederick shouts!
Unknown command.
Unknown command.
You feel better.
You hear a shout!
Unknown command.
Unknown command.
You start resting.
Frederick blocks your cyclops's attack.
Frederick hits your cyclops but does no damage.
Frederick blocks your cyclops's attack.
Unknown command.
Reach: a) +4 bardiche "Okekyr" {vorpal, rC+ Str+3 Dex+5}
Press: ? - help, Dir - move target, f/p - Frederick
Aim: Frederick, wielding a +1 trident of freezing and wearing a +2 tower shield of reflection (grey smoke, heavily wounded, not watching you, ally target, about 18% to evade the +4 bardiche "Okekyr")
You could not reach far enough!
Your spellforged servitor disappears in a puff of smoke!
Frederick casts a spell at your cyclops.
The lance of force hits your cyclops!
Your cyclops is knocked back by the lance of force.
Your cyclops collides with you!
* * * LOW HITPOINT WARNING * * *
Your cyclops is moderately wounded.
The spellforged servitor casts a spell at you.
The bolt of cold hits your cyclops!!!
Your cyclops dies!
Your cyclops's corpse disappears in a puff of smoke!
The bolt of cold misses you.
Frederick shouts!
Unknown command.
Frederick casts a spell at you. The lance of force hits you.
* * * LOW HITPOINT WARNING * * *
You are knocked back by the lance of force.
You slam into the metal wall!
You die...

######+###########
.#.#§§§#.[§§§..≈(#
#..§§§§#≈9§≈≈≈§§§#
.#§#§#9#§§§9§.§§§#
..#§#§##§@.@C§@§§#
...§§@§@§....§9§@#
###############'##
[..#)..#..#....§.#
...#...#..#..PPP.#
#'###'##..#..P.P.#
.......'..#..P)P.#
.#####.####......#
.#)..'.#..#......#
######.'..#......#


You could see Frederick and a spellforged servitor (summoned).

Vanquished Creatures
  Dowan (D)
  Chuck (D)
  A fire dragon (D)
  Josephine (D)
  A yaktaur captain (D)
  3 centaur warriors (D)
  Urug (D)
  4 dancing weapons (D)
  A shock serpent (shapeshifter) (D)
  2 deep elf knights (D)
  A lindwurm (D)
  An orange crystal statue (D)
  An orc knight (D)
  A deep elf zephyrmancer (D)
  2 deep elf pyromancers (D)
  5 ugly things (D)
  3 orc sorcerers (D)
  A manticore (shapeshifter) (D)
  2 cane toads (D)
  Duvessa (D)
  2 unseen horrors (D)
  A rime drake (D)
  A komodo dragon (D)
  3 wandering mushrooms (D)
  4 spriggan defenders (D)
  2 tyrant leeches (D)
  2 orc high priests (D)
  2 slime creatures (D)
  A shadow (D)
  3 redbacks (D)
  A spatial vortex (D)
  A swamp drake (D)
  An orc warrior (D)
  2 centaurs (D)
  An earth elemental (D)
  A necrophage (D)
  A water elemental (D)
  A jelly (D)
  4 orc priests (D)
  Jessica (D)
  A wizard (D)
  A necromancer (D)
  4 orc wizards (D)
  3 humans (D)
  A kobold demonologist (D)
  A wolf (D)
  7 orcs (D)
  An endoplasm (D)
  2 rats (D)
  A bush (D)
91 creatures vanquished.

Vanquished Creatures (collateral kills)
  A deep elf pyromancer (D)
1 creature vanquished.

Vanquished Creatures (others)
  9 plants (D)
9 creatures vanquished.

Grand Total: 101 creatures vanquished

Notes
Turn   | Place    | Note
-------+----------+-------------------------------------------
     0 | D        | mhtbhm the Merfolk Berserker began the quest for the Orb.
     0 | D        | Reached XP level 1. HP: 18/18 MP: 1/1
    80 | D        | Noticed Jessica
    87 | D        | Killed Jessica
    87 | D        | Reached ** piety under Trog
    88 | D        | Reached skill level 5 in Fighting
    88 | D        | Reached skill level 6 in Polearms
    88 | D        | Reached XP level 2. HP: 25/27 MP: 2/2
    88 | D        | Reached XP level 3. HP: 31/33 MP: 3/3
   132 | D        | Reached skill level 7 in Polearms
   138 | D        | Reached XP level 4. HP: 40/40 MP: 4/4
   205 | D        | Noticed a water elemental
   209 | D        | Killed a water elemental
   209 | D        | Reached *** piety under Trog
   210 | D        | Reached skill level 8 in Polearms
   210 | D        | Reached skill level 5 in Dodging
   210 | D        | Reached XP level 5. HP: 48/48 MP: 5/5
   257 | D        | Found a basalt altar of Yredelemnul.
   257 | D        | Found a shadowy altar of Dithmenos.
   257 | D        | Found a sacrificial altar of Ru.
   267 | D        | Reached skill level 10 in Polearms
   308 | D        | Found a hide-covered altar of Uskayaw.
   308 | D        | Found an iron altar of Okawaru.
   308 | D        | Found a bloodstained altar of Trog.
   308 | D        | Found an ornate altar of the Wu Jian Council.
   308 | D        | Noticed a human
   309 | D        | Noticed a human
   310 | D        | Found a glowing silver altar of Zin.
   310 | D        | Found a glowing golden altar of the Shining One.
   310 | D        | Found a white marble altar of Elyvilon.
   310 | D        | Noticed a deep elf pyromancer
   319 | D        | Killed a deep elf pyromancer
   319 | D        | Reached **** piety under Trog
   320 | D        | Reached skill level 10 in Fighting
   320 | D        | Reached skill level 13 in Polearms
   320 | D        | Reached skill level 1 in Stealth
   320 | D        | Reached XP level 6. HP: 60/61 MP: 6/6
   320 | D        | Reached XP level 7. HP: 66/67 MP: 7/7
   325 | D        | Killed a human
   326 | D        | Reached skill level 14 in Polearms
   331 | D        | Killed a human
   332 | D        | Reached XP level 8. HP: 67/76 MP: 8/8
   465 | D        | Found a radiant altar of Vehumet.
   465 | D        | Found a shimmering blue altar of Sif Muna.
   465 | D        | Found an ancient bone altar of Kikubaaqudgha.
   483 | D        | Reached ***** piety under Trog
   671 | D        | Noticed a shadow
   693 | D        | Killed a shadow
   693 | D        | Identified the +11 battleaxe of Soft Dismemberment {vorpal,
                  | rF++ rCorr Dex-5 SInv} (Trog gifted it to you in the
                  | Dungeon)
   693 | D        | Received a gift from Trog
   982 | D        | Found a blossoming altar of Fedhas.
   982 | D        | Found a stormy altar of Qazlal.
   982 | D        | Found a snail-covered altar of Cheibriados.
   982 | D        | Found a burning altar of Makhleb.
   982 | D        | Found a shimmering altar of Xom.
   983 | D        | Found a hazy altar of Hepliaklqana.
   983 | D        | Found an opulent altar of Gozag.
   983 | D        | Found a sparkling altar of Nemelex Xobeh.
   983 | D        | Found a corrupted altar of Lugonu.
   983 | D        | Found a viscous altar of Jiyva.
  1001 | D        | Reached skill level 15 in Polearms
  1017 | D        | Noticed Josephine
  1033 | D        | Killed Josephine
  1034 | D        | Reached skill level 16 in Polearms
  1034 | D        | Reached skill level 5 in Armour
  1034 | D        | Reached XP level 9. HP: 38/85 MP: 9/9
  1468 | D        | Noticed a centaur warrior
  1484 | D        | Killed a centaur warrior
  1485 | D        | Reached skill level 17 in Polearms
  1485 | D        | Reached skill level 10 in Dodging
  1656 | D        | Killed an unseen horror
  1660 | D        | Killed an unseen horror
  1661 | D        | Reached skill level 15 in Fighting
  1661 | D        | Reached skill level 18 in Polearms
  1930 | D        | Noticed a wandering mushroom
  1934 | D        | Noticed a wandering mushroom
  1958 | D        | Killed a wandering mushroom
  1959 | D        | Reached XP level 10. HP: 96/96 MP: 10/10
  2006 | D        | Noticed a cane toad
  2006 | D        | Noticed a cane toad
  2017 | D        | Killed a cane toad
  2018 | D        | Reached skill level 19 in Polearms
  2018 | D        | Reached skill level 1 in Evocations
  2021 | D        | Killed a cane toad
  2021 | D        | Reached ****** piety under Trog
  2472 | D        | Received a gift from Trog
  3047 | D        | Noticed a lindwurm
  3055 | D        | Killed a lindwurm
  3056 | D        | Reached skill level 20 in Polearms
  3056 | D        | Reached skill level 5 in Stealth
  3247 | D        | Noticed Urug
  3261 | D        | Killed Urug
  3262 | D        | Reached XP level 11. HP: 46/107 MP: 11/11
  3576 | D        | Found Quxun's Antique Weapon Boutique.
  3577 | D        | Noticed an orc sorcerer
  3586 | D        | Killed an orc sorcerer
  3587 | D        | Noticed an orc sorcerer
  3590 | D        | Received a gift from Trog
  3592 | D        | Noticed an orc sorcerer
  3594 | D        | Noticed an orc knight
  3596 | D        | Killed an orc sorcerer
  3600 | D        | Killed an orc sorcerer
  3600 | D        | Received a gift from Trog
  3617 | D        | Killed an orc knight
  3618 | D        | Reached skill level 21 in Polearms
  3627 | D        | Received a gift from Trog
  3770 | D        | Noticed a deep elf pyromancer
  3770 | D        | Noticed a deep elf knight
  3770 | D        | Noticed a deep elf zephyrmancer
  3770 | D        | Noticed a deep elf knight
  3770 | D        | Noticed a deep elf pyromancer
  3778 | D        | Noticed a deep elf demonologist
  3780 | D        | Killed a deep elf knight
  3782 | D        | Noticed a deep elf pyromancer
  3785 | D        | Killed a deep elf knight
  3793 | D        | Killed a deep elf pyromancer
  3803 | D        | Killed a deep elf pyromancer
  3804 | D        | Killed a deep elf zephyrmancer
  4037 | D        | Noticed Dowan
  4037 | D        | Noticed Duvessa
  4046 | D        | Killed Duvessa
  4047 | D        | Reached skill level 22 in Polearms
  4051 | D        | Killed Dowan
  4108 | D        | Noticed a soul eater
  4119 | D        | Received a gift from Trog
  4443 | D        | Noticed an orange crystal statue
  4452 | D        | Killed an orange crystal statue
  4453 | D        | Reached XP level 12. HP: 117/119 MP: 12/12
  4469 | D        | Found Rocveide's Book Emporium.
  4469 | D        | Found Gunaoc's Distillery.
  4469 | D        | Found Jujutwao's Book Shoppe.
  4469 | D        | Found Goxzecloa's Armour Boutique.
  4469 | D        | Found Geucedi's General Store.
  4469 | D        | Found Emetomo's Antique Armour Shoppe.
  4469 | D        | Found Neujus's Magic Scroll Shop.
  4469 | D        | Found Ylaifrid's Antique Weapon Shop.
  4469 | D        | Found Vacrin's Armour Emporium.
  4469 | D        | Found Reiloc's Jewellery Emporium.
  4469 | D        | Found Suviloig's Jewellery Boutique.
  4507 | D        | Bought the +2 ring mail "Jatirch" {rPois Regen+ Dex+4
                  | Slay+6} for 646 gold pieces
  4517 | D        | Bought a +2 helmet of see invisible for 236 gold pieces
  4525 | D        | Bought the ring of the King {Wiz rElec rCorr Str+6} for 808
                  | gold pieces
  4529 | D        | Bought a ring of flight for 245 gold pieces
  4535 | D        | Bought an amulet of faith for 560 gold pieces
  4543 | D        | Bought a scroll of blinking for 75 gold pieces
  4543 | D        | Bought a scroll of fog for 20 gold pieces
  4581 | D        | Identified the +12 spear "Beetlebane" {vorpal, rPois} (Trog
                  | gifted it to you in the Dungeon)
  4581 | D        | Received a gift from Trog
  4648 | D        | Noticed a centaur warrior
  4653 | D        | Killed a centaur warrior
  4654 | D        | Reached skill level 23 in Polearms
  4676 | D        | Noticed a centaur warrior
  4681 | D        | Killed a centaur warrior
  4734 | D        | Noticed a shock serpent
  4734 | D        | a swamp dragon changed into a shock serpent
  4737 | D        | Killed a shock serpent
  4758 | D        | Noticed a fire dragon
  4766 | D        | Killed a fire dragon
  4867 | D        | Received a gift from Trog
  4869 | D        | Reached skill level 24 in Polearms
  4871 | D        | Identified the +4 bardiche "Okekyr" {vorpal, rC+ Str+3
                  | Dex+5}
  4974 | D        | Received a gift from Trog
  5078 | D        | Noticed a yaktaur captain
  5093 | D        | Killed a yaktaur captain
  5155 | D        | Noticed Chuck
  5167 | D        | Killed Chuck
  5193 | D        | Noticed Frederick
  5199 | D        | Reached XP level 13. HP: 71/132 MP: 13/13
  5220 | D        | Collided with a metal wall

Illustrated notes

Levels and vault maps discovered:
D:        dungeon_sprint_mu [sprint_mu_entry_cave, sprint_mu_temple_rooms,
          sprint_mu_d1_horrors, sprint_mu_d2_genie, sprint_mu_d3_branching,
          sprint_mu_orc_legion, sprint_mu_elf_gauntlet, sprint_mu_hive_nellie,
          sprint_mu_lair_fedhas, sprint_mu_vaults_butterflies,
          sprint_mu_slime_circle, sprint_mu_swamp_cave, sprint_mu_shoals_archi,
          sprint_mu_blade_basic, sprint_mu_crypt_lich, sprint_mu_tomb_spiral,
          sprint_mu_vestibule_basic, sprint_mu_gehenna_hellfire,
          sprint_mu_dis_giant, sprint_mu_tartarus_statrot,
          sprint_mu_cocytus_islands, sprint_mu_zot1]

Skill      XL: |  1  2  3  4  5  6  7  8  9 10 11 12 |
---------------+-------------------------------------+-----
Fighting       | 5 6 7 10 11 13 15 17 19 21 | 21.8
Polearms       | 6 7 8 13 14 16 18 20 22 24 | 24.5
Armour         | 2 4 5 6 7 9 |  9.3
Dodging        | 3 4 5 7 8 9 11 12 13 14 | 14.9
Stealth        | 1 2 3 5 8 9 |  9.9
Evocations     | 1 3 4 |  4.2

Action                   |  1- 3 |  4- 6 |  7- 9 | 10-12 | 13-15 || total
-------------------------+-------+-------+-------+-------+-------++-------
Melee: Spear             |    29 |    20 |   171 |    89 |       ||   309
       Glaive            |       |       |       |   190 |       ||   190
       Tailslap          |       |       |       |     8 |       ||     8
       Punch             |       |       |       |     1 |       ||     1
       Bardiche          |       |       |       |    28 |     5 ||    33
Invok: Berserk           |     1 |     3 |     2 |    11 |     1 ||    18
       Brothers in Arms  |       |       |       |     1 |     2 ||     3
Evoke: Phantom mirror    |       |       |     2 |     4 |     1 ||     7
       Wand              |       |       |       |     2 |       ||     2
  Use: Potion            |       |       |     1 |     1 |     2 ||     4
       Scroll            |       |       |       |     2 |     1 ||     3
 Stab: Sleeping          |       |       |       |     5 |       ||     5
       Distracted        |       |       |       |     1 |       ||     1
Armor: Animal skin       |     1 |     1 |       |       |       ||     2
       Leather armour    |       |       |     2 |       |       ||     2
       Ring mail         |       |       |       |    22 |     1 ||    23
Dodge: Dodged            |     7 |     5 |    33 |    81 |     2 ||   128

Table legend: (Time is in decaauts)
 A = Elapsed time spent in this place.
 B = Non-inter-level travel time spent in this place.
 C = Inter-level travel time spent in this place.
 D = Time resting spent in this place.
 E = Time spent auto-exploring this place.
 F = Levels seen in this place.
 G = Mean time per level.
                   A        B        C        D        E       F      G
               +--------+--------+--------+--------+--------+-----+--------+
         Total |   5120 |   5084 |     36 |   3571 |    336 |   1 | 5120.0 |
       Dungeon |   5120 |   5084 |     36 |   3571 |    336 |   1 | 5120.0 |
               +--------+--------+--------+--------+--------+-----+--------+

Top non-repeatable levels by time:
       D: 5120 daAuts
